 Dungeon Crawl Stone Soup version 0.22.1-1-ga44c0e56f4 (webtiles) character file.

1120 Kaderl the Slasher (level 8, -1/61 HPs)
             Began as a Human Fighter on Oct 14, 2018.
             Slain by an ice beast (12 damage)
             ... on level 5 of the Dungeon.
             The game lasted 00:15:01 (4490 turns).

Kaderl the Slasher (Human Fighter)                  Turns: 4490, Time: 00:15:03

Health: -1/61      AC: 13    Str: 17    XL:     8   Next: 61%
Magic:  8/8        EV:  6    Int: 10    God:
Gold:   256        SH: 12    Dex: 13    Spells: 7/7 levels left

rFire    . . .     SeeInvis .   a - +1 long sword
rCold    . . .     Gourm    .   r - +2 shield
rNeg     . . .     Faith    .   o - +0 chain mail
rPois    .         Spirit   .   j - +1 helmet
rElec    .         Reflect  .   (no cloak)
rCorr    .         Harm     .   b - +0 pair of gloves
MR       .....                  (no boots)
Stlth    ..........             s - amulet of the acrobat
HPRegen  0.20/turn              (no ring)
MPRegen  0.11/turn              (no ring)

@: no status effects
A: no striking features
a: no special abilities


You were on level 5 of the Dungeon.
You were not hungry.

You visited 2 branches of the dungeon, and saw 6 of its levels.

You collected 256 gold pieces.

Inventory:

Hand Weapons
 a - a +1 long sword (weapon)
Armour
 b - a +0 pair of gloves (worn)
 j - a +1 helmet (worn)
 o - a +0 chain mail (worn)
 r - a +2 shield (worn)
Jewellery
 n - an uncursed ring of fire
 s - an amulet of the acrobat (around neck)
Scrolls
 g - 4 scrolls of identify
 h - a scroll of fear
 k - a scroll of enchant armour
 m - a scroll of teleportation
 p - a scroll of magic mapping
Potions
 d - 2 potions of might
 e - a potion of agility
 i - 4 potions of flight
 l - a potion of mutation {unknown}
 q - a potion of haste {unknown}
Comestibles
 f - 5 rations


   Skills:
 + Level 4.4 Fighting
 + Level 6.1 Long Blades
 + Level 5.0 Armour
 + Level 2.4 Dodging
 + Level 5.5 Shields


You had 7 spell levels left.
You didn't know any spells.
Your spell library contained the following spells:

 Spells                   Type           Power        Failure   Level  Hunger
 Corona                   Hex            #......      100%        1    ##.....
 Ensorcelled Hibernation  Hex/Ice        #.....       100%        2    ###....
 Confuse                  Hex            #.......     100%        3    ####...
 Dazzling Spray           Conj/Hex       #.....       100%        3    ####...
 Tukima's Dance           Hex            #.......     100%        3    ####...


Dungeon Overview and Level Annotations

Branches:
Dungeon (5/15)             Temple (1/1) D:4

Altars:
Ashenzari
Cheibriados
Dithmenos
Fedhas
Gozag
Hepliaklqana
Kikubaaqudgha
Nemelex Xobeh
Okawaru
Qazlal
Ru
Sif Muna
Trog
Uskayaw
Vehumet
Wu Jian
Xom
Yredelemnul
Zin

Shops:
D:5 !


Message History

The ice beast is almost dead.
The ice beast hits you but does no damage.
You completely miss the ice beast.
The ice beast is almost dead.
The ice beast hits you.
* * * LOW HITPOINT WARNING * * *
The ice beast freezes you!
* * * LOW HITPOINT WARNING * * *
Okay, then.
The ice beast barely misses you.
You see here an arrow.
Items here: ) ††† a giant club; an ogre corpse; a jackal corpse x2
You aren't carrying any items that you can evoke.
You hit the ice beast.
The ice beast is almost dead.
The ice beast hits you.
* * * LOW HITPOINT WARNING * * *
The ice beast freezes you!
You die...

#.# #.##.###.##### ##.## ####.#
#.##.###.### #.# #....#
#.##.......# #.# #.####
#.######.#.# ##'## #.# #.# #.#.#
##...## #.### #.######.#.#
##.....## ....#
#........#.###.......##
....##########...#.##.....<...###
...............Y@...+.........'..
....[#######.......##.........###
#.#..# #.##....###.......## #
###..# #.##.#.## ##.....## # #..#
#.##.#.# ##...## # ...# #.##.#.#
##'## # ###.# #......# #.# # #.#
####.### #.####### #.# #.#
##.#......


You could see an ice beast.

Vanquished Creatures
  An ogre (D:5)
  A centaur (D:5)
  A big kobold (D:4)
  3 howler monkeys (D:4)
  3 crimson imps
  2 bullfrog skeletons
  3 hounds
  3 orc wizards
  2 orc priests
  3 worker ants
  2 iguanas (D:4)
  A howler monkey zombie (D:5)
  A worker ant zombie (D:5)
  9 adders
  A howler monkey skeleton (D:3)
  A shadow imp (D:5)
  2 oozes
  2 worms
  A dart slug (D:3)
  2 leopard geckos
  20 orcs
  5 giant cockroaches
  11 hobgoblins
  11 jackals
  8 kobolds
  5 quokkas
  2 ball pythons
  6 bats
  6 frilled lizards
  5 goblins
  A jackal zombie (D:5)
  6 rats
130 creatures vanquished.

Notes
Turn   | Place    | Note
-------+----------+-------------------------------------------
     0 | D:1      | Kaderl the Human Fighter began the quest for the Orb.
     0 | D:1      | Reached XP level 1. HP: 18/18 MP: 1/1
   114 | D:1      | Reached XP level 2. HP: 20/24 MP: 2/2
   637 | D:2      | Reached XP level 3. HP: 29/29 MP: 3/3
   727 | D:2      | Reached XP level 4. HP: 6/35 MP: 4/4
   756 | D:2      | Reached skill level 3 in Long Blades
  1331 | D:2      | Reached XP level 5. HP: 31/41 MP: 5/5
  1942 | D:3      | Reached skill level 1 in Dodging
  2090 | D:3      | Reached XP level 6. HP: 34/47 MP: 6/6
  2129 | D:3      | Reached skill level 4 in Long Blades
  2882 | D:4      | Reached XP level 7. HP: 33/53 MP: 7/7
  2976 | D:4      | Found a shadowy altar of Dithmenos.
  3260 | D:4      | Found a bloodstained altar of Trog.
  3260 | D:4      | Found a glowing silver altar of Zin.
  3270 | D:4      | Reached skill level 5 in Long Blades
  3285 | D:4      | Found a faded altar of an unknown god.
  3287 | D:4      | Found a stormy altar of Qazlal.
  3289 | D:4      | Found a basalt altar of Yredelemnul.
  3871 | D:4      | Reached XP level 8. HP: 60/60 MP: 8/8
  3880 | D:4      | Found a staircase to the Ecumenical Temple.
  3886 | Temple   | Entered the Ecumenical Temple
  4005 | D:5      | Entered Level 5 of the Dungeon
  4220 | D:5      | Reached skill level 5 in Armour
  4323 | D:5      | Reached skill level 5 in Shields
  4336 | D:5      | Found Xutim's Distillery.
  4391 | D:5      | Reached skill level 6 in Long Blades
  4426 | D:5      | HP: 2/61 [ice beast (13)]
  4490 | D:5      | Slain by an ice beast

Skill      XL: |  1  2  3  4  5  6  7  8 |
---------------+-------------------------+-----
Long Blades    | 3 4 5 6 |  6.1
Dodging        | 1 2 |  2.4
Armour         | 4 5 |  5.0
Shields        | 4 5 |  5.5
Fighting       | 4 |  4.4

Action                   |  1- 3 |  4- 6 |  7- 9 || total
-------------------------+-------+-------+-------++-------
Melee: Long sword        |    90 |   246 |   253 ||   589
  Use: Scroll            |     2 |     7 |     6 ||    15
       Potion            |       |     1 |       ||     1
  Eat: Ration            |       |     2 |     2 ||     4
Armor: Scale mail        |    35 |   113 |     9 ||   157
       Chain mail        |       |       |    98 ||    98
Dodge: Dodged            |    23 |    71 |    49 ||   143
Block: Shield            |    41 |   115 |   119 ||   275
       Rpst.: Long sword |     7 |    25 |    17 ||    49
